 Seeded DCSS version 0.29.1-15-g9cfb28693d (webtiles) character file.

Game seed: 17220236881765517076 (custom seed)

398 Darius099 the Ruffian (level 6, -2/59 HPs)
             Began as a Troll Monk on Mar 7, 2023.
             Slain by an orc warrior
             ... wielding a +0 hand axe
              (10 damage)
             ... on level 5 of the Dungeon.
             The game lasted 00:06:56 (2708 turns).

Darius099 the Ruffian (Troll Monk)                  Turns: 2708, Time: 00:06:58

Health: -2/59      AC:  4    Str: 20    XL:     6   Next: 53%
Magic:  5/5        EV: 10    Int:  6    God:
Gold:   241        SH:  0    Dex: 14    Spells: 5/5 levels left

rFire   . . .      SeeInvis .     - Unarmed
rCold   . . .      Faith    .   (no shield)
rNeg    . . .      Spirit   .   a - +0 robe
rPois   .          Reflect  .   (helmet restricted)
rElec   .          Harm     .   (no cloak)
rCorr   .          Rampage  .   (gloves unavailable)
Will    .....                   (boots unavailable)
Stlth   ++........              (no amulet)
HPRegen 0.99/turn               (no ring)
MPRegen 0.09/turn               (no ring)

@: no status effects
A: large, unfitting armour, claws 3, regeneration 1, shaggy fur 1, tough skin 1
a: no special abilities


You were on level 5 of the Dungeon.
You visited 1 branch of the dungeon, and saw 5 of its levels.

You collected 241 gold pieces.

Inventory:

Missiles
 r - a throwing net (quivered)
Armour
 a - a +0 robe (worn)
Scrolls
 c - 6 scrolls of teleportation {unknown}
 e - a scroll of poison {unknown}
 f - a scroll of noise {unknown}
 g - a scroll of enchant weapon {unknown}
 j - a scroll of fear {unknown}
 k - a scroll of vulnerability {unknown}
 l - a scroll of amnesia {unknown}
 q - 2 scrolls of fog {unknown}
 u - a scroll of summoning {unknown}
Potions
 b - a potion of ambrosia
 d - 2 potions of curing
 h - 2 potions of degeneration {unknown}
 i - a potion of cancellation {unknown}
 m - a potion of mutation {unknown}
 n - 2 potions of attraction {unknown}
 o - a potion of might {unknown}
 p - a potion of flight {unknown}
 s - a potion of haste {unknown}
 t - a potion of heal wounds {unknown}


   Skills:
 - Level 2.5 Fighting
 - Level 2.5 Dodging
 - Level 1.1 Stealth
 + Level 7.3 Unarmed Combat


You had 5 spell levels left.
You didn't know any spells.
Your spell library contained the following spells:

 Spells                   Type           Power      Damage    Failure   Level
 Sting                    Tmut/Pois      0%         1d3       45%         1
 Poisonous Vapours        Pois/Air       0%         N/A       58%         2
 Dazzling Flash           Conj/Hex       0%         N/A       83%         3
 Iskenderun's Mystic Bla  Conj/Tloc      0%         2d3       99%         4
 Olgreb's Toxic Radiance  Pois           0%         N/A       99%         4
 Starburst                Conj/Fire      0%         6d3       100%        6


Dungeon Overview and Level Annotations

Branches:
Dungeon (5/15)
 Temple: D:4-7

Altars:
Ashenzari
Dithmenos
Fedhas
Gozag
Kikubaaqudgha
Makhleb
Okawaru
Uskayaw
Vehumet
Xom
Yredelemnul
The Shining One

Shops:
D:2 [   D:4 [


Innate Abilities, Weirdness & Mutations

You are too large for most types of armour.
You have claws for hands.
Your natural rate of healing is unusually fast.
You are covered in fur. (AC +1)
You have tough skin. (AC +1)


Message History

You claw the orc warrior!
The orc warrior is severely wounded.
The orc hits you with a +0 falchion. The orc closely misses you.
The orc warrior closely misses you.
You barely miss the orc warrior.
The orc warrior is severely wounded.
The orc warrior closely misses you. The orc hits you with a +0 falchion.
The orc barely misses you. x2
You are too injured to fight recklessly!
You mangle the orc!!
You kill the orc!
The orc hits you but does no damage. The orc warrior closely misses you.
You barely miss the orc.
The orc warrior hits you with a +0 hand axe.
The orc hits you with a +0 falchion. The orc hits you with a +0 whip.
The orc misses you.
You closely miss the orc. The orc barely misses you.
The orc hits you with a +0 whip. The orc barely misses you.
The orc warrior hits you with a +0 hand axe.
* * * LOW HITPOINT WARNING * * *
You barely miss the orc. You claw the orc.
The orc is moderately wounded.
You completely miss the orc.
The orc is moderately wounded.
The orc barely misses you. The orc closely misses you.
The orc barely misses you. The orc warrior closely misses you.
You barely miss the orc.
The orc is lightly wounded.
The orc warrior barely misses you. The orc closely misses you.
The orc hits you with a +0 whip.
* * * LOW HITPOINT WARNING * * *
The orc hits you with a +0 falchion.
* * * LOW HITPOINT WARNING * * *
It was a potion of curing.
You feel better. The orc barely misses you. The orc hits you with a +0 whip.
* * * LOW HITPOINT WARNING * * *
The orc hits you with a +0 falchion.
* * * LOW HITPOINT WARNING * * *
The orc warrior hits you with a +0 hand axe!
You die...

.
#######....
#.o@on.#
#.#oo......
#.#........
#.#...$....
#.#........
#.##+#+###.
#. #.##.#.#
#. #.##.#.#
. #.##.#.#
.


You could see an orc warrior, a necrophage and 3 orcs.

Vanquished Creatures
  A scorpion (D:5)
  2 hounds (D:4)
  An iguana (D:2)
  An orc wizard (D:4)
  10 gnolls
  5 adders
  7 dart slugs
  A worm (D:2)
  10 orcs
  5 endoplasms
  A giant cockroach (D:1)
  5 goblins
  7 hobgoblins
  4 jackals (D:1)
  5 kobolds
  2 quokkas (D:2)
  7 ball pythons
  3 bats
  A frilled lizard (D:3)
  4 rats
82 creatures vanquished.

Vanquished Creatures (others)
  3 demonic plants (D:1)
  A plant (D:1)
4 creatures vanquished.

Grand Total: 86 creatures vanquished

Notes
Turn   | Place    | Note
-------+----------+-------------------------------------------
     0 | D:1      | Darius099 the Troll Monk began the quest for the Orb.
     0 | D:1      | Reached XP level 1. HP: 22/22 MP: 0/0
   267 | D:1      | Found a faded altar of an unknown god.
   319 | D:1      | Reached XP level 2. HP: 29/29 MP: 1/1
   587 | D:1      | Reached skill level 4 in Unarmed Combat
   720 | D:2      | Reached XP level 3. HP: 12/36 MP: 2/2
   859 | D:2      | Reached XP level 4. HP: 31/44 MP: 3/3
  1031 | D:2      | Reached skill level 5 in Unarmed Combat
  1094 | D:2      | Found Vima's Armour Emporium.
  1627 | D:3      | Found a shimmering altar of Xom.
  1629 | D:3      | Found a glowing golden altar of the Shining One.
  1787 | D:3      | Reached XP level 5. HP: 46/50 MP: 4/4
  2123 | D:4      | Reached skill level 6 in Unarmed Combat
  2264 | D:4      | Found a broken altar of Ashenzari.
  2267 | D:4      | Found a basalt altar of Yredelemnul.
  2325 | D:4      | Reached XP level 6. HP: 52/59 MP: 5/5
  2389 | D:4      | Found Ifeiph's Armour Shoppe.
  2395 | D:4      | Reached skill level 7 in Unarmed Combat
  2549 | D:4      | Found a shadowy altar of Dithmenos.
  2550 | D:4      | Found a hide-covered altar of Uskayaw.
  2550 | D:4      | Found an ancient bone altar of Kikubaaqudgha.
  2550 | D:4      | Found a blossoming altar of Fedhas.
  2551 | D:4      | Found an iron altar of Okawaru.
  2553 | D:4      | Found a radiant altar of Vehumet.
  2554 | D:4      | Found a burning altar of Makhleb.
  2555 | D:4      | Found an opulent altar of Gozag.
  2611 | D:5      | Entered Level 5 of the Dungeon
  2697 | D:5      | Noticed an orc warrior
  2708 | D:5      | Slain by an orc warrior

Illustrated notes

Levels and vault maps discovered:
D:1:      minmay_arrival_widening_spiral_narrow, layout_rooms,
          shapermc_ecumenical_altar_gd, grunt_decor_mini_mirrors,
          minmay_misc_feat_more_columns
D:2:      layout_rooms, serial_shops, shop_coins, minmay_misc_feat_doors,
          minmay_heptomino_w4
D:3:      layout_loops_corners, chequers_temple_overflow_statue_of_worship,
          minmay_misc_feat_chi
D:4:      layout_rooms, minitemple, serial_shops, shop
D:5:      nicolae_cairo_tiling_large_dashed, layout_basic,
          minmay_temple_entry_from_below_a, hex_large, grunt_decor_junction

Skill      XL: |  1  2  3  4  5  6 |
---------------+-------------------+-----
Unarmed Combat | 4 5 6 7 |  7.3
Fighting       | |  2.5
Dodging        | |  2.5
Stealth        | |  1.1

Action                   |  1- 3 |  4- 6 || total
-------------------------+-------+-------++-------
Melee: Unarmed           |    78 |   129 ||   207
       Punch             |     2 |     6 ||     8
  Use: Potion            |       |     1 ||     1
 Stab: Sleeping          |     2 |     2 ||     4
Armor: Robe              |    15 |    27 ||    42
Dodge: Dodged            |    40 |    63 ||   103
